[Event "New York Spring GM-A 2022"]
[Site "New York"]
[Date "2022.04.19"]
[Round "9.3"]
[White "Liang, Jason"]
[Black "Song, Edward"]
[Result "1-0"]
[ECO "A01"]
[WhiteElo "2419"]
[BlackElo "2383"]
[Annotator "TA"]
[PlyCount "85"]
[EventDate "2022.04.14"]
[EventType "tourn"]
[EventCountry "USA"]
[SourceTitle "playchess.com"]
[Source "ChessBase"]
[SourceQuality "1"]
[TimeControl "5400+30"]

1. b3 d5 2. Bb2 Bg4 3. f3 Bh5 4. h4 f6 5. d4 Nc6 {[%emt 0:02:23] [#]} 6. e3 $146 {[%emt 0:05:22] A01: Nimzowitsch-Larsen Opening.} ({Predecessor:} 6. Nc3 Nh6 7. Qd2 e5 8. dxe5 d4 9. Ne4 Bb4 10. c3 dxc3 11. Bxc3 Qxd2+ 12. Kxd2 {0-1 (110) Bharath,S (2435)-Dvirnyy,D (2488) Chess.com INT 2021}) 6... e5 7. Nc3 Bf7 8. Qd2 {[%emt 0:01:05] The position is equal.} Qd7 9. O-O-O O-O-O 10. g4 Kb8 11. Nge2 Bb4 12. a3 Ba5 13. b4 Bb6 14. Kb1 Nge7 15. Na4 Nc8 16. Nc5 Qe7 17. Ng3 Nd6 18. Qc3 Rhe8 19. Bd3 Bg6 20. Bf1 h6 21. Bc1 Qf7 22. Rg1 f5 23. gxf5 Nxf5 24. Nxf5 Bxf5 25. Bb5 (25. dxe5 {is superior.} Nxe5 26. e4) 25... exd4 $11 26. exd4 Qf6 27. Rg2 Rg8 (27... Bxc5 $11 28. bxc5 Re7) 28. Kb2 ({White should play} 28. Bxc6 $14 Qxc6 29. Na6+ $1 Kc8 30. Qxc6 bxc6 31. Nc5) 28... Ne7 (28... Bxc5 $5 29. Qxc5 Rd6 $15) 29. Bf4 Bc8 (29... Ng6 $11 {keeps the balance.} 30. Bg3 Nxh4) 30. Be5 $16 Qf7 {[%emt 0:00:34] [#]} 31. Na4 $1 {[%emt 0:01:44] &Bianco is much more active.} Nf5 (31... Ng6 $16) 32. Nxb6 $18 axb6 {[%emt 0:00:01] [#]} 33. Rdg1 $1 Be6 (33... Rd6 $142 34. Bd3 (34. Bxd6 Nxd6 35. Bd3 Bf5 $16) 34... Rc6) 34. Rg6 Rc8 35. Qe1 {[%emt 0:02:56][%cal Og6e6] Rxe6! is the strong threat.} Ka7 (35... Nd6 {keeps fighting.}) 36. Bd3 {[%emt 0:00:43] This bishop pair is nice.} Bd7 (36... Rce8 {is a better defense.} 37. Qc3 Qd7 38. Bxf5 (38. Qxc7 Qxc7 39. Bxc7 Nxh4 $16) 38... Bxf5) 37. b5 {[%emt 0:01:15] Threatens to win with a4.} Qe8 (37... Rge8 $142 38. a4 Qf8) 38. Qb4 Nxh4 {[%emt 0:00:51] [#]} 39. Rxb6 $3 {[%emt 0:01:39][%mdl 512] White mates.} Kb8 (39... Qxe5 40. dxe5) 40. Qa4 Rd8 {[%emt 0:00:26] [#]} 41. Rxb7+ $3 Kxb7 42. Qa6+ Kb8 43. b6 {[%emt 0:00:14] Weighted Error Value: White=0.08 (flawless) /Black=0.45} 1-0

[Event "New York Spring GM-A 2022"]
[Site "New York"]
[Date "2022.04.18"]
[Round "9.4"]
[White "Guo, Arthur"]
[Black "Korley, Kassa"]
[Result "1/2-1/2"]
[ECO "C02"]
[WhiteElo "2412"]
[BlackElo "2399"]
[Annotator "TA"]
[PlyCount "26"]
[EventDate "2022.04.14"]
[EventType "tourn"]
[EventCountry "USA"]
[SourceTitle "playchess.com"]
[Source "ChessBase"]
[SourceQuality "1"]
[TimeControl "5400+30"]

1. e4 e6 2. d4 d5 3. e5 c5 4. c3 Nc6 5. Nf3 Nge7 6. h4 Bd7 7. Be2 Qb6 {[%emt 0:06:35] C02: French: Advance Variation.} 8. Na3 cxd4 9. cxd4 Nf5 {[%emt 0:00:31][%cal Rc6d4] The position is equal.} 10. Nc2 Nb4 {[%emt 0:05:30] [#]} 11. Na3 $146 ({Predecessor:} 11. Kf1 h5 12. g3 Bb5 13. Bxb5+ Qxb5+ 14. Kg2 {½-½ (14) Movsesian,S (2651)-Nikolic,P (2661) Germany 2002}) 11... Nc6 (11... f6 $5 12. g4 Ne7 $11) 12. Nc2 Nb4 {[%emt 0:00:05] aiming for ...Nxc2+.} 13. Na3 Nc6 {[%emt 0:10:16] An uneventful encounter.  Weighted Error Value: White=0.09 (flawless) /Black=0.09 (flawless)} (13... f6 $15 14. g4 Ne7) 1/2-1/2